 Dungeon Sprint DCSS version 0.24-a0-537-g2d01d4a (webtiles) character file.

Game seed: 5778924876371622948

126 silentkaos13 the Frost Mage (level 4, -7/24 HPs)
             Began as a Deep Elf Ice Elementalist on Aug 15, 2019.
             Mangled by an ice devil (17 damage)
             ... summoned by a kobold demonologist
             ... in the Dungeon (Sprint III: "The Ten Rune Challenge").
             The game lasted 00:02:24 (794 turns).

silentkaos13 the Frost Mage (DEIE)                   Turns: 794, Time: 00:02:25

Health: -7/24      AC:  2    Str:  5      XL:     4   Next: 84%
Magic:  2/15       EV: 14    Int: 18 (21) God:
Gold:   7          SH:  0    Dex: 15      Spells: 8/18 levels left

rFire    . . .     SeeInvis .   (no weapon)
rCold    . . .     Gourm    .   (no shield)
rNeg     . . .     Faith    .   a - +0 robe
rPois    .         Spirit   .   (no helmet)
rElec    .         Reflect  .   (no cloak)
rCorr    .         Harm     .   (no gloves)
MR       .....     NoTele   +   (no boots)
Stlth    +++.......             (no amulet)
HPRegen  0.08/turn              (no ring)
MPRegen  0.14/turn              (no ring)

@: very slightly contaminated
A: no striking features
a: no special abilities


You were in the Dungeon.
You were not hungry.

You visited 1 branch You collected 7 gold pieces.

Inventory:

Armour
 a - a +0 robe (worn)
Scrolls
 i - a scroll of blinking
 j - a scroll of immolation {unknown}
 k - 3 scrolls of identify
 l - a scroll of remove curse {unknown}
 o - a scroll of torment {unknown}
 p - a scroll of amnesia {unknown}
Potions
 b - 2 potions of mutation {unknown}
 d - a potion of curing
 e - a potion of heal wounds
 f - a potion of haste
 g - 2 potions of magic
 h - a potion of berserk rage
 m - a potion of might {unknown}
 n - 2 potions of flight
 q - a potion of brilliance {unknown}
 r - a potion of invisibility {unknown}
Comestibles
 c - 5 rations


   Skills:
 + Level 4.2 Dodging
 + Level 3.9 Stealth
 + Level 7.6 Spellcasting
 + Level 2.1 Conjurations
 + Level 0.7 Charms
 + Level 8.1 Ice Magic


You had 8 spell levels left.
You knew the following spells:

 Your Spells              Type           Power        Failure   Level  Hunger
a - Freeze                Ice            ####         1%          1    None
b - Throw Frost           Conj/Ice       ####..       1%          2    None
c - Ozocubu's Armour      Chrm/Ice       ###.....     4%          3    #......
d - Summon Ice Beast      Ice/Summ       ###.....     19%         4    ###....

Your spell library contained the following spells:

 Spells                   Type           Power        Failure   Level  Hunger
 Throw Icicle             Conj/Ice       ####....     12%         4    ###....


Dungeon Overview and Level Annotations

Branches:
Dungeon (1/1)

Altars:
Kikubaaqudgha
Sif Muna
Vehumet


Message History

Aiming: Throw Frost (safe; 1% risk of failure)
Press: ? - help, Shift-Dir - straight line, f/p - kobold demonologist
Aim: a kobold demonologist, wielding a +0 dagger and wearing a +0 robe (moderately wounded)
The puff of frost hits the ice devil but does no damage.
Casting: Throw Frost (safe; 1% risk of failure)
Confirm with . or Enter, or press ? or * to list all spells.
You miscast Summon Ice Beast.
You are very lightly contaminated with residual magic.
You hear strange voices.
The ice devil closely misses you.
The kobold demonologist gestures wildly while chanting.
There is an open door to the Ecumenical Temple here.
The neqoxec gestures at you.
You feel dopey. Something feeds on your intellect! The ice devil hits you!
Ouch! That really hurt!
The ice devil freezes you!
Ouch! That really hurt!
You die...

▓▓▓▓▓▓▓▓▓▓▓▓▓ ▓▓▓
▓<.#..'.....♣♣ ♣.#
▓..#..#....♣.♣ ♣.#
▓#'####....♣.♣ ♣♣.#
▓.....#....≈.♣♣♣..###+#+###+
▓..†..#...≈≈..♣♣..#.........
▓.....#..≈≈≈≈♣♣...K3⌠.......
▓####'#..≈≈≈≈≈≈♣@4#...#####
▓.....#.≈≈≈≈≈≈....#.⌠.#
▓...†.#.≈≈≈≈≈.....#...#
▓.....#.≈≈≈.......#5###
▓'#####...........#.:
▓.................#___
▓▓▓▓▓▓▓▓▓▓▓▓▓▓▓▓▓▓▓▓▓▓▓


You could see an ice devil, a kobold demonologist and a neqoxec.

Vanquished Creatures
  A water elemental (D)
  A wizard (D)
  A human (D)
  A wolf (D)
  An ooze (D)
  3 rats (D)
8 creatures vanquished.

Vanquished Creatures (others)
  2 draconian scorchers (D)
  6 hellions (D)
  A yaktaur (D)
9 creatures vanquished.

Grand Total: 17 creatures vanquished

Notes
Turn   | Place    | Note
-------+----------+-------------------------------------------
     0 | D        | silentkaos13 the Deep Elf Ice Elementalist began the quest
                  | for the Orb.
     0 | D        | Reached XP level 1. HP: 10/10 MP: 6/6
     8 | D        | Reached skill level 4 in Ice Magic
    66 | D        | Killed a hellion
    67 | D        | Killed a hellion
    93 | D        | Killed a hellion
   104 | D        | Killed a hellion
   106 | D        | Killed a hellion
   106 | D        | Killed a hellion
   133 | D        | Killed a white draconian scorcher
   174 | D        | Killed a white draconian scorcher
   253 | D        | Killed a yaktaur
   254 | D        | Reached skill level 5 in Ice Magic
   254 | D        | Reached XP level 2. HP: 3/15 MP: 1/9
   479 | D        | Learned a level 2 spell: Throw Frost
   490 | D        | Reached skill level 5 in Spellcasting
   490 | D        | Reached skill level 6 in Ice Magic
   490 | D        | Reached XP level 3. HP: 19/19 MP: 3/11
   495 | D        | Learned a level 3 spell: Ozocubu's Armour
   586 | D        | Noticed a water elemental
   591 | D        | Killed a water elemental
   591 | D        | Reached skill level 7 in Ice Magic
   591 | D        | Reached XP level 4. HP: 10/24 MP: 3/15
   773 | D        | Learned a level 4 spell: Summon Ice Beast
   776 | D        | Found a radiant altar of Vehumet.
   776 | D        | Found a shimmering blue altar of Sif Muna.
   776 | D        | Found an ancient bone altar of Kikubaaqudgha.
   776 | D        | Noticed a wizard
   779 | D        | Killed a wizard
   779 | D        | Reached skill level 8 in Ice Magic
   780 | D        | Noticed an ice devil
   793 | D        | Noticed a neqoxec
   794 | D        | Mangled by an ice devil

Levels and vault maps discovered:
D:        dungeon_sprint_mu [sprint_mu_entry_forest, sprint_mu_temple_rooms,
          sprint_mu_d1_horrors, sprint_mu_d2_genie, sprint_mu_d3_branching,
          sprint_mu_orc_legion, sprint_mu_elf_gauntlet, sprint_mu_hive_nellie,
          sprint_mu_lair_fedhas, sprint_mu_vaults_butterflies,
          sprint_mu_slime_circle, sprint_mu_shoals_archi,
          sprint_mu_snake_twists, sprint_mu_blade_basic,
          sprint_mu_crypt_chambers, sprint_mu_tomb_spiral,
          sprint_mu_vestibule_basic, sprint_mu_gehenna_hellfire,
          sprint_mu_dis_giant, sprint_mu_tartarus_statrot,
          sprint_mu_cocytus_islands, sprint_mu_zot1]

Skill      XL: |  1  2  3  4 |
---------------+-------------+-----
Ice Magic      | 5 6 7 8 |  8.1
Dodging        | 3 4 |  4.2
Stealth        | 3 |  3.9
Spellcasting   | 4 5 7 |  7.6
Conjurations   | 2 |  2.1
Charms         | |  0.7

Action                   |  1- 3 |  4- 6 || total
-------------------------+-------+-------++-------
Melee: Unarmed           |       |     1 ||     1
 Cast: Freeze            |    15 |     2 ||    17
       Throw Frost       |     4 |     3 ||     7
       Ozocubu's Armour  |     1 |       ||     1
       Summon Ice Beast  |       |     1 ||     1
Dodge: Dodged            |     9 |     2 ||    11

Table legend:
 A = Non-vault XP
 B = Vault XP
 C = Vault XP percentage of total XP
 D = Non-vault monster count
 E = Vault monster count
 F = Vault count percentage of total count
                 A         B        C        D         E       F
            +---------+---------+-------+---------+---------+-------
      Total |       0 |     181 | 100.0 |       0 |       8 | 100.0
            +---------+---------+-------+---------+---------+-------
          D |       0 |     181 | 100.0 |       0 |       8 | 100.0
            +---------+---------+-------+---------+---------+-------
